Map: Terraform LE (Void)

Players

RayReign

  • Race: Protoss Protoss
  • League: Diamond

Spellchansky - Winner!

  • Race: Protoss Protoss
  • League: Master

Event: ASL Season 5 Prime League LOTV Beta

VOD

Have the link to the VOD?

Description

Time

  • Played on: Sept. 19, 2015, 11:21 p.m.
  • Length: 12:11

All games in this series

Show
View Real Time Build Order
Export as new Build Order

RayReign Protoss 

Build Orders:  

Get SALT Encoding   

  12  0:00  Probe (Chrono Boost)  
  13  0:10  Probe (Chrono Boost)  
  14  0:18  Pylon  
  14  0:21  Probe (Chrono Boost)  
  15  0:35  Probe (Chrono Boost)  
  15  0:36  Gateway  
  16  0:45  Probe (Chrono Boost)  
  16  0:47  Assimilator  
  17  0:52  Assimilator  
  17  0:55  Probe (Chrono Boost)  
  18  1:01  Pylon  
  18  1:05  Probe (Chrono Boost)  
  19  1:15  Probe (Chrono Boost)  
  20  1:23  Cybernetics Core  
  20  1:25  Probe (Chrono Boost)  
  21  1:32  Zealot  
  23  1:35  Probe (Chrono Boost)  
  24  1:46  Probe (Chrono Boost)  
  25  1:56  Probe (Chrono Boost)  
  26  2:04  Pylon  
  26  2:09  Mothership Core (Chrono Boost)  
  26  2:10  Warp Gate  
  26  2:12  Stalker  
  30  2:34  Nexus  
  30  2:50  Probe (Chrono Boost), Robotics Facility  
  31  3:10  Pylon  
  31  3:12  Pylon  
  31  3:19  Gateway  
  31  3:26  Probe (Chrono Boost)  
  30  3:30  Gateway  
  30  3:37  Probe (Chrono Boost)  
  30  3:40  Observer (Chrono Boost)  
  32  3:48  Probe  
  32  3:51  Probe  
  34  4:00  Probe  
  34  4:01  Probe  
  35  4:05  Immortal (Chrono Boost)  
  40  4:11  Probe  
  40  4:13  Probe  
  41  4:20  Probe  
  42  4:25  Probe  
  42  4:27  Sentry x2, Twilight Council  
  42  4:28  Adept  
  42  4:30  Probe  
  49  4:37  Probe  
  51  4:39  Immortal (Chrono Boost)  
  51  4:45  Pylon  
  55  4:46  Probe  
  56  4:53  Stalker  
  56  4:58  Stalker  
  60  5:03  Stalker, Blink (Chrono Boost)  
  60  5:04  Probe  
  60  5:05  Probe  
  64  5:09  Observer (Chrono Boost)  
  65  5:26  Stalker  
  67  5:32  Pylon  
  67  5:33  Pylon  
  67  5:41  Gateway  
  67  5:42  Gateway  
  67  5:43  Immortal  
  67  5:46  Gateway  
  67  5:47  Probe x2  
  69  5:53  Stalker  
  75  5:59  Probe  
  75  6:00  Probe  
  75  6:01  Stalker  
  79  6:06  Stalker  
  81  6:25  Adept x2  
  81  6:32  Adept  
  77  6:37  Probe x2  
  77  6:39  Stalker x2  
  75  6:51  Stalker  
  73  6:58  Zealot, Assimilator  
  73  6:59  Zealot x2  
  73  7:00  Assimilator  
  79  7:03  Zealot x2  
  83  7:09  Pylon  
  83  7:10  Pylon  
  83  7:11  Warp Prism  
  83  7:23  Stalker  
  83  7:28  Stalker x3  
  91  7:43  Stalker x2  
  95  7:49  Pylon  
  95  7:51  Pylon  
  95  8:00  Nexus  
  95  8:02  Adept x3  
  101  8:16  Adept x3  
  107  8:23  Stalker x3  
  113  8:31  Gateway  
  113  8:32  Pylon  
  113  8:34  Gateway  
  109  8:53  Sentry, Adept x2  
  109  8:54  Adept x3  
  121  8:58  Probe x2  
  117  9:13  Observer  
  101  9:21  Adept x5  
  100  9:30  Adept  
  90  9:39  Probe  
  90  9:40  Probe  
  90  9:44  Probe  
  83  9:48  Adept  
  83  9:50  Sentry  
  83  9:51  Sentry  
  89  9:54  Probe  
  80  10:04  Probe  
  80  10:05  Adept  
  66  10:08  Adept  
  55  10:17  Probe  
  55  10:19  Probe x2  
  48  10:30  Adept  
  48  10:31  Adept  
  51  10:37  Sentry x2  
  51  10:38  Sentry  
  57  10:45  Probe  
  57  10:46  Probe  
  59  10:51  Adept  
  59  10:55  Adept  
  63  10:58  Adept  
  63  11:01  Adept  
  63  11:03  Probe (Chrono Boost)  
  68  11:06  Probe x2 (Chrono Boost)  
  70  11:12  Adept  
  70  11:18  Pylon  
  72  11:21  Probe x2 (Chrono Boost)  
  74  11:32  Adept x2  
  76  11:34  Zealot  
  76  11:35  Zealot  
  62  11:53  Zealot x3  
Show
View Real Time Build Order
Export as new Build Order

Spellchansky Protoss - Winner!

Build Orders: Blink Stalkers 

Get SALT Encoding   

  12  0:00  Probe (Chrono Boost)  
  13  0:10  Probe (Chrono Boost)  
  14  0:19  Pylon  
  14  0:20  Probe (Chrono Boost)  
  15  0:36  Probe (Chrono Boost)  
  15  0:37  Gateway  
  16  0:46  Probe (Chrono Boost)  
  16  0:48  Assimilator  
  17  0:52  Assimilator  
  17  0:56  Probe (Chrono Boost)  
  18  1:00  Pylon  
  18  1:06  Probe (Chrono Boost)  
  19  1:16  Probe (Chrono Boost)  
  20  1:26  Probe (Chrono Boost)  
  20  1:27  Cybernetics Core  
  21  1:36  Probe (Chrono Boost)  
  22  1:46  Probe (Chrono Boost)  
  23  1:56  Probe (Chrono Boost)  
  24  2:05  Probe (Chrono Boost)  
  24  2:07  Pylon  
  24  2:08  Pylon  
  25  2:15  Stalker, Mothership Core (Chrono Boost), Warp Gate (Chrono Boost)  
  28  2:27  Twilight Council  
  28  2:34  Probe (Chrono Boost)  
  29  2:45  Stalker  
  29  2:51  Probe  
  32  3:03  Nexus  
  32  3:04  Probe  
  33  3:14  Stalker  
  33  3:16  Blink (Chrono Boost)  
  35  3:24  Probe  
  36  3:36  Probe  
  37  3:48  Probe  
  38  3:53  Pylon  
  38  3:56  Forge  
  38  4:00  Probe  
  39  4:11  Probe (Chrono Boost)  
  39  4:16  Gateway  
  40  4:17  Gateway  
  40  4:18  Probe (Chrono Boost)  
  40  4:21  Stalker  
  40  4:22  Probe (Chrono Boost), Protoss Ground Weapons Level 1 (Chrono Boost)  
  44  4:29  Probe  
  45  4:33  Probe  
  46  4:41  Probe  
  46  4:45  Pylon  
  47  4:46  Probe  
  47  4:51  Gateway  
  48  4:52  Gateway  
  48  4:54  Probe  
  48  4:58  Probe  
  50  5:06  Gateway  
  50  5:12  Gateway x2  
  50  5:19  Sentry x3  
  56  5:30  Pylon  
  56  5:32  Pylon  
  56  5:33  Pylon  
  56  5:45  Sentry  
  56  5:46  Stalker x2  
  56  5:49  Stalker  
  64  5:50  Stalker  
  66  6:05  Stalker  
  66  6:07  Stalker  
  66  6:09  Stalker  
  66  6:10  Zealot x5  
  82  6:15  Pylon  
  73  6:34  Stalker  
  73  6:35  Stalker x2, Zealot x2  
  73  6:36  Zealot  
  65  6:54  Stalker x3  
  65  6:58  Stalker x2  
  75  7:04  Probe x2  
  75  7:07  Assimilator  
  77  7:10  Assimilator  
  73  7:22  Probe (Chrono Boost)  
  70  7:26  Pylon  
  70  7:27  Dark Shrine, Pylon  
  70  7:29  Probe (Chrono Boost)  
  71  7:33  Probe (Chrono Boost)  
  70  7:38  Probe (Chrono Boost)  
  71  7:44  Probe  
  71  7:47  Probe  
  71  7:49  Adept x3  
  71  7:50  Adept x2  
  83  8:12  Pylon, Robotics Facility  
  83  8:13  Adept  
  83  8:14  Adept x2  
  83  8:15  Adept, Shield Upgrade (Chrono Boost)  
  83  8:16  Adept  
  93  8:21  Adept x2  
  97  8:43  Dark Templar x2  
  97  8:46  Zealot x3  
  97  8:47  Zealot  
  109  8:57  Pylon  
  109  9:01  Immortal  
  95  9:19  Adept x4  
  95  9:20  Probe  
  98  9:26  Adept x2  
  94  9:33  Probe  
  94  9:34  Adept  
  85  9:42  Adept x4, Observer (Chrono Boost)  
  94  9:57  Adept x3  
  98  10:03  Probe  
  98  10:04  Probe  
  98  10:06  Dark Templar  
  82  10:15  Probe  
  82  10:16  Probe, Dark Templar x2  
  86  10:27  Probe  
  87  10:43  Nexus  
  87  10:45  Sentry  
  87  10:46  Sentry  
  87  10:47  Sentry, Adept x2  
  97  10:50  Warp Prism (Chrono Boost)  
  97  10:56  Mothership Core  
  101  11:05  Archon  
  101  11:06  Stalker x2  
  101  11:08  Sentry  
  107  11:17  Adept x2  
  111  11:24  Pylon  
  106  11:48  Probe  
  106  11:51  Dark Templar x2, Zealot x3  
  106  11:54  Probe  
  114  11:55  Probe  
Tags
 
Add a new tag
Caveats
  • Supply blocks, unpowered buildings, or Contaminate may cause inaccurate times.
  • Supply counts are checked every 10 seconds.